cohdb
Replays
Latest Replays
All Replays
Popular Replays
Top Player Replays
Match Explorer
How It Works
Community
CoH3 Stats
Reddit
Sign in to upload your games and track your stats! →
Sign in with Steam
Match 41890839
Unlisted
Match 41890839
Overview
Messages
Build Orders
End
Pioneer Squad
Construct Infanterie Kompanie
Grenadier Squad
Selects Terror Battlegroup
MG 42 Machine Gun Team
Grenadier Squad
Infanterie Officer Quarters
Grenadier Squad
Grenadier Squad
Selects Machine Gun Camouflage
Selects Interrogate
MG 42 Machine Gun Team
Grenadier Squad
MG 42 Machine Gun Team
MG 42 Machine Gun Team
MG 42 Machine Gun Team
Selects Defend the Fatherland
Construct Panzergrenadier Kompanie
MG 42 Machine Gun Team
سَۨفُـيٰانۨوٰس
mohamedkerdaoui
VonPrime
DaddysGirl
0
0
Comments
sign in to comment!
No comments posted yet!